 Dungeon Crawl Stone Soup version 0.19-a0-1201-gda63bca (webtiles) character file.

156 Gorice the Vexing (level 5, 0/39 HPs)
             Began as a Demonspawn Enchanter on Aug 20, 2016.
             Was an Initiate of Okawaru.
             Slain by an iguana (9 damage)
             ... on level 3 of the Dungeon.
             The game lasted 00:12:43 (3752 turns).

Gorice the Vexing (Demonspawn Enchanter)            Turns: 3752, Time: 00:12:43

Health: 0/39       AC:  7    Str:  9      XL:     5   Next: 15%
Magic:  8/8        EV: 10    Int: 16      God:    Okawaru [......]
Gold:   153        SH:  0    Dex: 11 (13) Spells: 1 memorised, 7 levels left

rFire  . . .     SeeInvis .     a - +0 long sword
rCold  . . .     Gourm    .     q - +0 ring mail
rNeg   . . .     Faith    .     (no shield)
rPois  .         Spirit   .     (no helmet)
rElec  .         Dismiss  .     (no cloak)
rCorr  .         Reflect  .     (no gloves)
MR     .....     Harm     .     (no boots)
Stlth  +.........               (no amulet)
                                (no ring)
                                (no ring)

@: no status effects
A: hooves 1, rough black scales 1
a: Renounce Religion


You were on level 3 of the Dungeon.
You worshipped Okawaru.
Okawaru was noncommittal.
You were not hungry.

You visited 2 branches of the dungeon, and saw 5 of its levels.

You collected 153 gold pieces.

Inventory:

Hand Weapons
 a - a +0 long sword (weapon)
 d - a +2 dagger
 u - a +0 falchion
 w - a +0 hunting sling
 z - a +0 rapier
Missiles
 i - 49 sling bullets
 l - 9 poisoned needles
 Y - a throwing net
 Z - 29 stones (quivered)
Armour
 b - a +1 robe
 q - a +0 ring mail (worn)
 s - a cursed +0 leather armour
Jewellery
 n - an uncursed amulet of guardian spirit
Scrolls
 e - 2 scrolls of recharging
 f - 2 scrolls of blinking {unknown}
 o - a scroll of enchant weapon
 v - a scroll of remove curse
 x - 2 scrolls of fear {!r}
 y - a scroll of fog
Potions
 k - 2 potions of curing
 m - a potion of brilliance {unknown}
 p - a potion of lignification {unknown}
 A - a potion of degeneration {unknown}
Books
 c - a book of Maledictions
 g - a Fen Folio
Comestibles
 j - a meat ration {!e}
 r - 6 bread rations {!e}
 t - a slice of pizza


   Skills:
 + Level 2.7 Fighting
 - Level 2.9(3.2) Short Blades
 * Level 2.0(2.7) Long Blades
 - Level 1.7 Dodging
 - Level 2.6 Stealth
 - Level 2.0 Spellcasting
 - Level 3.0 Hexes


You had 7 spell levels left.
You knew the following spells:

 Your Spells              Type           Power        Failure   Level  Hunger
a - Corona                Hex            ##.....      17%         1    #......


Dungeon Overview and Level Annotations

Branches:
Dungeon (4/15)             Temple (1/1) D:4

Altars:
Ashenzari
Dithmenos
Fedhas
Gozag
Kikubaaqudgha
Makhleb
Okawaru
Qazlal
Sif Muna
Trog
Vehumet
Yredelemnul
Zin
The Shining One

Annotations:
Temple Eustachio


Innate Abilities, Weirdness & Mutations

You have large cloven feet.
You are partially covered in rough black scales. (AC +2, Dex -1)


Message History

Damage: 4 (max 4)
You barely miss the iguana. The iguana closely misses you.
You hit the iguana.
The iguana is moderately wounded.
The iguana bites you!
The iguana bites you but does no damage.
Damage: 10 (max 10)
You hit the iguana.
The iguana is moderately wounded.
The iguana bites you.
Damage: 5 (max 10)
Your ring mail prevents you from hitting the iguana.
Your kick misses the iguana.
The iguana is moderately wounded.
The iguana bites you.
* * * LOW HITPOINT WARNING * * *
Damage: 3 (max 10) Unknown command.
You see here a ring mail.
The iguana stops glowing.
An orc wizard comes into view. It is wielding a dagger.
The orc wizard hits you but does no damage.
The orc wizard closely misses you.
The orc wizard casts a spell.
The orc wizard blinks!
The orc wizard gestures at you while chanting.
The magic dart hits you!
* * * LOW HITPOINT WARNING * * *
There is a stone staircase leading up here.
Damage: 7 (max 10) Unknown command.
The iguana bites you!
* * * LOW HITPOINT WARNING * * *
You climb upwards.
There is a stone staircase leading down here.
Damage: 12 (max 12) Unknown command.
Really quaff
h - a potion of heal wounds {!q}?
You feel much better. The iguana bites you!
* * * LOW HITPOINT WARNING * * *
Unknown command.
You hit the iguana but do no damage.
The iguana is moderately wounded.
The iguana bites you but does no damage.
You hit the iguana.
The iguana is severely wounded.
The iguana bites you!
* * * LOW HITPOINT WARNING * * *
The iguana bites you!
You die...

###.#### #.)..#
####.####
###################.....
#..........##.>.........
#.............##########
#................)......
#.....l....#############
#......@...#
############


You could see an iguana.

Vanquished Creatures
  A howler monkey zombie (D:3)
  5 adders
  2 adder skeletons (D:4)
  A worm (D:2)
  A dart slug (D:1)
  5 giant geckos
  10 orcs (D:3)
  4 giant cockroaches
  7 goblins
  8 hobgoblins
  8 jackals (D:3)
  A quokka (D:1)
  4 bats (D:1)
  A giant newt (D:1)
  7 kobolds
  5 rats
70 creatures vanquished.

Vanquished Creatures (others)
  2 plants (D:3)
2 creatures vanquished.

Grand Total: 72 creatures vanquished

Notes
Turn   | Place    | Note
-------+----------+-------------------------------------------
     0 | D:1      | Gorice the Demonspawn Enchanter began the quest for the Orb.
     0 | D:1      | Reached XP level 1. HP: 13/13 MP: 3/3
    42 | D:1      | Reached skill level 1 in Short Blades
   421 | D:1      | Reached skill level 1 in Fighting
   461 | D:1      | Gained mutation: You are partially covered in rough black scales. (AC +2, Dex -1) [demonic ancestry]
   461 | D:1      | Reached XP level 2. HP: 19/21 MP: 5/5
   725 | D:1      | Reached skill level 2 in Short Blades
   816 | D:1      | Reached XP level 3. HP: 25/26 MP: 6/6
  1279 | D:2      | Found a radiant altar of Vehumet.
  1467 | D:2      | Reached skill level 2 in Fighting
  1808 | D:3      | Gained mutation: You have large cloven feet. [demonic ancestry]
  1808 | D:3      | Reached XP level 4. HP: 27/34 MP: 5/7
  2294 | D:3      | Reached skill level 1 in Long Blades
  2327 | D:3      | HP: 10/34 [poisoned by an adder]
  2334 | D:3      | HP: 8/34 [poisoned by an adder]
  2341 | D:3      | HP: 7/34 [poisoned by an adder]
  2349 | D:3      | HP: 6/34 [poisoned by an adder]
  2976 | D:3      | Reached XP level 5. HP: 39/39 MP: 8/8
  2997 | D:4      | Found a staircase to the Ecumenical Temple.
  3010 | D:4      | Noticed Eustachio
  3014 | Temple   | Entered the Ecumenical Temple
  3125 | Temple   | Became a worshipper of Warmaster Okawaru
  3523 | D:4      | Reached skill level 2 in Long Blades
  3748 | D:4      | HP: 2/39 [iguana (12)]
  3752 | D:3      | Slain by an iguana

Vault maps used:
D:1:      minmay_arrival_stone_box
D:2:      vehumet_crystals
D:3:      serial_bayou_crossing
D:4:      grunt_temple_overflow_open, eat_drink_and_be_merry_uskayaw,
          first_bread, serial_shops, shop, minmay_misc_feat_ornament,
          uniq_eustachio, uniq_crazy_yiuf_cottage, uniq_natasha
Temple:   dshaligram_water_room_temple

Skill      XL: |  1  2  3  4  5 |
---------------+----------------+-----
Short Blades   | 1 2 |  2.9
Fighting       | 1 2 |  2.7
Long Blades    | 1 2 |  2.0
Dodging        | |  1.7
Stealth        | |  2.6
Spellcasting   | |  2.0
Hexes          | |  3.0

Action                   |  1- 3 |  4- 6 || total
-------------------------+-------+-------++-------
Melee: Dagger            |   162 |    21 ||   183
       Long sword        |       |   189 ||   189
       Kick              |       |    36 ||    36
       Falchion          |       |     9 ||     9
Throw: Stone             |     6 |     7 ||    13
 Cast: Corona            |     7 |     8 ||    15
  Use: Scroll            |     8 |     4 ||    12
       Potion            |       |     1 ||     1
 Stab: Sleeping          |     5 |       ||     5
  Eat: Chunk             |     3 |     7 ||    10
Armor: Robe              |    35 |       ||    35
       Ring mail         |    14 |   110 ||   124
Dodge: Dodged            |    67 |   132 ||   199

Table legend:
 A = Turns spent in this place as a percentage of turns spent in the entire game.
 B = Non-inter-level travel turns spent in this place as a percentage of non-inter-level travel turns spent in the entire game.
 C = Inter-level travel turns spent in this place as a percentage of turns spent in this place.
 D = Turns resting spent in this place as a percentage of non-inter-level travel turns spent in this place.
 E = Turns spent auto-exploring this place as a percentage of non-inter-level travel turns spent in this place.
 F = Non-inter-level travel turns spent in this place divided by the number of levels of this place that you've seen.
                   A       B       C       D       E      F
               +-------+-------+-------+-------+-------+----------------------
         Total | 100.0 | 100.0 |   0.5 |   2.8 |   6.3 | 252.8
       Dungeon |  97.6 |  97.7 |   0.3 |   2.7 |   5.7 | 308.8
        Temple |   2.4 |   2.3 |   6.5 |  10.3 |  34.5 |  29.0
               +-------+-------+-------+-------+-------+----------------------

Vault maps used:
D:1:      minmay_arrival_stone_box
D:2:      vehumet_crystals
D:3:      serial_bayou_crossing
D:4:      grunt_temple_overflow_open, eat_drink_and_be_merry_uskayaw,
          first_bread, serial_shops, shop, minmay_misc_feat_ornament,
          uniq_eustachio, uniq_crazy_yiuf_cottage, uniq_natasha
Temple:   dshaligram_water_room_temple
